 Dungeon Crawl Stone Soup version 0.20.1-1-g8b1a95d (webtiles) character file.

980 MJtheKandyman the Cleaver (level 7, 25/61 HPs)
             Began as a Deep Dwarf Fighter on Dec 27, 2017.
             Was a Believer of Elyvilon.
             Quit the game on level 5 of the Dungeon on Dec 28, 2017.
             The game lasted 00:24:42 (3877 turns).

MJtheKandyman the Cleaver (Deep Dwarf Fighter)      Turns: 3877, Time: 00:24:43

Health: 25/61      AC:  6    Str: 21    XL:     7   Next: 96%
Magic:  7/7        EV:  7    Int:  9    God:    Elyvilon [**....]
Gold:   273        SH:  9    Dex: 12    Spells: 6/6 levels left

rFire    . . .     SeeInvis .   a - +0 war axe
rCold    . . .     Gourm    .   c - +0 shield
rNeg     . . .     Faith    .   b - +0 scale mail
rPois    .         Spirit   .   (no helmet)
rElec    .         Reflect  .   (no cloak)
rCorr    .         Harm     .   (no gloves)
MR       +....                  (no boots)
Stlth    ..........             (no amulet)
Regen    0.0/turn               (no ring)
MPRegen  0.1/turn               (no ring)

@: mildly poisoned (25 -> 25), non-regenerating
A: damage resistance, heal wounds, sense surroundings 1, no regeneration
a: Heal Wounds, Lesser Healing, Heal Other, Divine Protection, Renounce Religion


You were on level 5 of the Dungeon.
You worshipped Elyvilon.
Elyvilon was pleased with you.
You were not hungry.

You visited 1 branch of the dungeon, and saw 5 of its levels.

You collected 273 gold pieces.

Inventory:

Hand Weapons
 a - a +0 war axe (weapon)
 g - a +0 hunting sling
 u - a +1 dagger of venom
 B - a +0 war axe
Missiles
 h - 30 stones (quivered)
 G - 26 sling bullets
Armour
 b - a +0 scale mail (worn)
 c - a +0 shield (worn)
 j - a +0 helmet
 y - a +0 helmet
 H - a scarf of resistance
Jewellery
 w - an uncursed ring of protection from cold
 x - an uncursed ring of ice
 K - an uncursed ring of magical power {unknown}
Wands
 J - a wand of flame (13/48)
Scrolls
 i - 4 scrolls of identify
 k - a scroll of enchant weapon {unknown}
 n - 3 scrolls of remove curse {unknown}
 q - 3 scrolls of random uselessness {unknown}
 v - 2 scrolls of fog {unknown}
 C - a scroll of teleportation {unknown}
 D - 2 scrolls of enchant armour {unknown}
 I - a scroll of magic mapping {unknown}
Potions
 d - 4 potions of might
 e - a potion of brilliance {unknown}
 l - a potion of degeneration {unknown}
 o - a potion of cancellation {unknown}
 p - 2 potions of haste
 r - 2 potions of flight
 t - a potion of curing {unknown}
 A - a potion of mutation {unknown}
 E - a potion of invisibility {unknown}
 F - a potion of ambrosia {unknown}
Comestibles
 f - 3 bread rations
 m - 3 royal jellies
 s - 4 fruits
 z - a meat ration


   Skills:
 - Level 2.6 Fighting
 + Level 10.2 Axes
 - Level 3.2 Armour
 - Level 3.2 Shields


You had 6 spell levels left.
You didn't know any spells.

Dungeon Overview and Level Annotations

Branches:
Dungeon (5/15)
 Temple: D:4-7

Altars:
Elyvilon
Ru
Xom

Annotations:
D:2 Natasha


Innate Abilities, Weirdness & Mutations

You are resistant to damage.
You can heal yourself by infusing magical energy.
You passively map a small area around you.
You do not regenerate.


Message History

The scorpion stings you.
You closely miss the scorpion.
The scorpion is severely wounded.
The scorpion stings you.
You are poisoned.
The scorpion poisons you!
You hit the scorpion.
The scorpion is severely wounded.
The scorpion stings you!
You hit the scorpion but do no damage.
The scorpion is severely wounded.
The scorpion stings you.
You slash the scorpion!
You kill the scorpion!
Found a war axe.
You see here a scorpion corpse.
You butcher the scorpion corpse.
You see here 3 inedible chunks of flesh.
You eat one of the 2 meat rations.
That meat ration really hit the spot!
Are you sure you want to abandon this character and quit the game? (Confirm with "yes".)

* *** , , ## ######,
)###.#$. , , .. * ......#
, ... * ..... #.# , * ...
** , , ...,,* #.#* * #.#
#@# * * #.# #.# ,
#####.#### ##'## *
#...)....# ##...## ,
#.###.##.# ##.....## #.#
#..#.# ##.......##
#.###....###.........#
...........+.........+ ,
#.###....###.........#***,


There were no monsters in sight!

Vanquished Creatures
  A sky beast (D:5)
  3 ogres
  A scorpion (D:5)
  A crimson imp (D:3)
  3 orc priests
  2 hounds (D:4)
  A bullfrog skeleton (D:4)
  Terence (D:2)
  Jessica (D:2)
  Natasha (D:2)
  An iguana (D:4)
  5 worker ants
  6 adders
  An adder zombie (D:5)
  4 worms
  4 dart slugs
  6 leopard geckos
  7 orcs
  2 ball pythons
  2 giant cockroaches (D:2)
  6 goblins
  3 hobgoblins
  4 jackals (D:3)
  10 bats
  3 frilled lizards
  A giant cockroach zombie (D:5)
  11 kobolds
  A quokka zombie (D:4)
  4 rats
96 creatures vanquished.

Vanquished Creatures (others)
  5 toadstools (D:1)
5 creatures vanquished.

Grand Total: 101 creatures vanquished

Notes
Turn   | Place    | Note
-------+----------+-------------------------------------------
     0 | D:1      | MJtheKandyman the Deep Dwarf Fighter began the quest for the Orb.
     0 | D:1      | Reached XP level 1. HP: 20/20 MP: 1/1
   237 | D:1      | Reached skill level 3 in Axes
   322 | D:1      | Reached XP level 2. HP: 27/27 MP: 2/2
   955 | D:2      | Reached XP level 3. HP: 31/33 MP: 3/3
   979 | D:2      | Reached skill level 4 in Axes
  1005 | D:2      | Found a white marble altar of Elyvilon.
  1008 | D:2      | Became a worshipper of Elyvilon the Healer
  1022 | D:2      | Noticed Jessica
  1033 | D:2      | Killed Jessica
  1067 | D:2      | Found a shimmering altar of Xom.
  1068 | D:2      | Reached XP level 4. HP: 34/40 MP: 4/4
  1129 | D:2      | Noticed Terence
  1146 | D:2      | Killed Terence
  1146 | D:2      | Reached skill level 5 in Axes
  1173 | D:2      | Found a faded altar of an unknown god.
  1331 | D:2      | Noticed Natasha
  1349 | D:2      | Killed Natasha
  1365 | D:2      | Reached XP level 5. HP: 26/46 MP: 5/5
  1444 | D:2      | Reached * piety under Elyvilon
  1746 | D:2      | Noticed Natasha
  1780 | D:3      | Reached skill level 6 in Axes
  2078 | D:3      | Reached XP level 6. HP: 17/55 MP: 6/6
  2090 | D:3      | Reached skill level 7 in Axes
  2270 | D:3      | Found a sacrificial altar of Ru.
  2635 | D:4      | Reached ** piety under Elyvilon
  2913 | D:4      | Reached skill level 8 in Axes
  3147 | D:4      | Reached XP level 7. HP: 40/61 MP: 7/7
  3358 | D:4      | Reached skill level 9 in Axes
  3658 | D:5      | Entered Level 5 of the Dungeon
  3790 | D:5      | Reached skill level 10 in Axes
  3877 | D:5      | Quit the game

Skill      XL: |  1  2  3  4  5  6  7 |
---------------+----------------------+-----
Axes           | 3 4 5 6 8 10 | 10.2
Fighting       | |  2.6
Armour         | |  3.2
Shields        | |  3.2

Action                   |  1- 3 |  4- 6 |  7- 9 || total
-------------------------+-------+-------+-------++-------
Melee: War axe           |    51 |   180 |   105 ||   336
 Fire: Hunting sling     |    12 |    14 |       ||    26
Invok: Lesser Healing    |       |    20 |    13 ||    33
  Use: Scroll            |       |       |     4 ||     4
  Eat: Chunk             |       |    10 |     3 ||    13
       Meat ration       |       |       |     1 ||     1
Armor: Scale mail        |    36 |    50 |    34 ||   120
Dodge: Dodged            |    12 |    41 |    26 ||    79
Block: Shield            |    24 |    74 |    33 ||   131
